TOP OF THE 1ST |
Memphis Blues batting - Pitching for Key West Barracudas : LHP Lynn White
|
Pitching: LHP Lynn White
|
|
Batting: RHB Jorge Domínguez
|
0-0: Ball 1-0: Ball 2-0: Foul Ball, location: 2F 2-1: Ball 3-1: Foul Ball, location: 2F 3-2: Base on Balls
|
Batting: RHB Dave O'Neill
|
0-0: Ball 1-0: Foul Ball, location: 2F 1-1: Ball 2-1: Called Strike 2-2: Fly out, F7 (Line Drive, 78D)
|
Batting: RHB Dale Taylor
|
0-0: Called Strike 0-1: Ball 1-1: Ground out 1-3 (Groundball, 3S) Jorge Domínguez to second
|
Batting: RHB Bob Orr
|
0-0: Ball 1-0: Foul Ball, location: 2F Reached via error on a dropped throw, E3 Jorge Domínguez to third
|
Batting: RHB Sadao Kato
|
0-0: Ball 1-0: Called Strike 1-1: Ball 2-1: Ball 3-1: SINGLE (Line Drive, 6D) Jorge Domínguez scores Bob Orr to second
|
Batting: RHB Glenn Johnson
|
0-0: Called Strike 0-1: Ball 1-1: Fly out, F8 (Line Drive, 8LM)
|
Top of the 1st over - 1 run(s), 1 hit(s), 1 error(s), 2 left on base; Memphis 1 - Key West 0 |
BOTTOM OF THE 1ST |
Key West Barracudas batting - Pitching for Memphis Blues : RHP Lee Donahue
|
Pitching: RHP Lee Donahue
|
|
Batting: SHB Rodney Birling
|
0-0: Ground out 1-3 (Groundball, 13)
|
Batting: RHB Zander Tremblett
|
0-0: SINGLE (Groundball, 56D)
|
Batting: RHB Carlos Miranda
|
0-0: Ground out 5-3 (Groundball, 5S) Zander Tremblett to second
|
Batting: RHB Ramiro Gámez
|
0-0: Called Strike 0-1: SINGLE (Groundball, 13) (infield hit) Zander Tremblett to third
|
Batting: RHB Luther Stoffels
|
0-0: SINGLE (Flyball, 4D) Zander Tremblett scores Ramiro Gámez to second Runner from 2nd tries for 3rd, SAFE, throw made to third Luther Stoffels to second
|
Batting: RHB Kenny Cole
|
0-0: Ball 1-0: Ball Wild Pitch! Ramiro Gámez scores Luther Stoffels to third 2-0: 2-RUN HOME RUN (Flyball, 7D), Distance : 413 ft
|
Batting: LHB Daniel Byrd
|
0-0: Ball 1-0: SINGLE (Groundball, 34D)
|
Batting: RHB Victor Baker
|
0-0: Called Strike 0-1: Ball 1-1: Ball 2-1: Ground out 6-3 (Groundball, 6)
|
Bottom of the 1st over - 4 run(s), 5 hit(s), 0 error(s), 1 left on base; Memphis 1 - Key West 4 |
TOP OF THE 2ND |
Memphis Blues batting - Pitching for Key West Barracudas : LHP Lynn White
|
Batting: LHB Ken Nelson
|
0-0: Foul Ball, location: 2F 0-1: Foul Ball, location: 2F 0-2: Strikes out swinging
|
Batting: RHB Raúl Perales
|
0-0: Fly out, F8 (Popup, 6MD)
|
Batting: RHB Dale O'Feennaghty
|
0-0: Called Strike 0-1: Ball 1-1: Bunt for hit - play at first, batter safe!
|
Batting: RHB Jorge Domínguez
|
0-0: Ball 1-0: Foul Ball, location: 2F 1-1: Swinging Strike 1-2: SINGLE (Groundball, 56D) Dale O'Feennaghty to second
|
Batting: RHB Dave O'Neill
|
0-0: Foul Ball, location: 2F 0-1: TRIPLE (Groundball, 5L) Dale O'Feennaghty scores Jorge Domínguez scores
|
Batting: RHB Dale Taylor
|
0-0: Called Strike 0-1: Ball 1-1: SINGLE (Line Drive, 8LS) Dave O'Neill scores
|
Batting: RHB Bob Orr
|
0-0: Called Strike 0-1: Called Strike 0-2: Ball 1-2: Ball 2-2: Strikes out swinging
|
Top of the 2nd over - 3 run(s), 4 hit(s), 0 error(s), 1 left on base; Memphis 4 - Key West 4 |
BOTTOM OF THE 2ND |
Key West Barracudas batting - Pitching for Memphis Blues : RHP Lee Donahue
|
Batting: RHB Dan Craft
|
0-0: Fly out, F8 (Flyball, 8LS)
|
Batting: SHB Rodney Birling
|
0-0: Ball 1-0: Ball 2-0: Called Strike 2-1: SINGLE (Groundball, 56D) (infield hit)
|
Batting: RHB Zander Tremblett
|
0-0: Called Strike 0-1: Ball 1-1: Ball 2-1: Swinging Strike 2-2: Ball 3-2: Foul Ball, location: 2F 3-2: 2-RUN HOME RUN (Flyball, 7D), Distance : 408 ft
|
Batting: RHB Carlos Miranda
|
0-0: Called Strike 0-1: Ground out 4-3 (Groundball, 4M)
|
Batting: RHB Ramiro Gámez
|
0-0: Ball 1-0: Ball 2-0: Foul Ball, location: 2F 2-1: Called Strike 2-2: Ball 3-2: Foul Ball, location: 2F 3-2: Base on Balls
|
Batting: RHB Luther Stoffels
|
0-0: Called Strike 0-1: Ball 1-1: Ball 2-1: Fly out, F6 (Popup, 6M)
|
Bottom of the 2nd over - 2 run(s), 2 hit(s), 0 error(s), 1 left on base; Memphis 4 - Key West 6 |
TOP OF THE 3RD |
Memphis Blues batting - Pitching for Key West Barracudas : LHP Lynn White
|
Batting: RHB Sadao Kato
|
0-0: Ball 1-0: Called Strike 1-1: Ball 2-1: Swinging Strike 2-2: Strikes out swinging
|
Batting: RHB Glenn Johnson
|
0-0: Foul Ball, location: 2F 0-1: Foul Ball, location: 2F 0-2: Fly out, F6 (Popup, 6)
|
Batting: LHB Ken Nelson
|
0-0: DOUBLE (Line Drive, 78M)
|
Batting: RHB Raúl Perales
|
0-0: Ball 1-0: Ball 2-0: Ball 3-0: Called Strike 3-1: Called Strike 3-2: Fly out, F2 (Popup, 2RF)
|
Top of the 3rd over - 0 run(s), 1 hit(s), 0 error(s), 1 left on base; Memphis 4 - Key West 6 |
BOTTOM OF THE 3RD |
Key West Barracudas batting - Pitching for Memphis Blues : RHP Lee Donahue
|
Batting: RHB Kenny Cole
|
0-0: Foul Ball, location: 2F 0-1: Called Strike 0-2: Ball 1-2: Fly out, F9 (Flyball, 9LM)
|
Batting: LHB Daniel Byrd
|
0-0: Ball 1-0: Ball 2-0: Called Strike 2-1: Foul Ball, location: 2F 2-2: Strikes out looking
|
Batting: RHB Victor Baker
|
0-0: Foul Ball, location: 2F 0-1: DOUBLE (Line Drive, 8LM)
|
Batting: RHB Dan Craft
|
0-0: Called Strike 0-1: Ball Passed Ball! Victor Baker to third 1-1: Fly out, F8 (Flyball, 8LS)
|
Bottom of the 3rd over - 0 run(s), 1 hit(s), 0 error(s), 1 left on base; Memphis 4 - Key West 6 |
TOP OF THE 4TH |
Memphis Blues batting - Pitching for Key West Barracudas : LHP Lynn White
|
Batting: RHB Dale O'Feennaghty
|
0-0: Ball 1-0: Called Strike 1-1: Fly out, F4 (Popup, 34D)
|
Batting: RHB Jorge Domínguez
|
0-0: Called Strike 0-1: Ball 1-1: Foul Ball, location: 2F 1-2: Foul Ball, location: 2F 1-2: Ball 2-2: Ball 3-2: SINGLE (Groundball, 5D)
|
Pitching: RHP José García
|
|
Batting: RHB Dave O'Neill
|
0-0: Ball 1-0: Called Strike 1-1: Ball 2-1: Foul Ball, location: 2F 2-2: Strikes out swinging
|
Batting: RHB Dale Taylor
|
0-0: Ball 1-0: Ball 2-0: Called Strike 2-1: Foul Ball, location: 2F 2-2: Foul Ball, location: 2F 2-2: Strikes out looking
|
Top of the 4th over - 0 run(s), 1 hit(s), 0 error(s), 1 left on base; Memphis 4 - Key West 6 |
BOTTOM OF THE 4TH |
Key West Barracudas batting - Pitching for Memphis Blues : RHP Lee Donahue
|
Batting: SHB Rodney Birling
|
0-0: Ball 1-0: Foul Ball, location: 2F 1-1: Called Strike 1-2: Strikes out swinging
|
Batting: RHB Zander Tremblett
|
0-0: SINGLE (Line Drive, 5D)
|
Batting: RHB Carlos Miranda
|
0-0: Swinging Strike 0-1: Foul Ball, location: 2F 0-2: Strikes out swinging
|
Batting: RHB Ramiro Gámez
|
0-0: Fly out, F5 (Line Drive, 5L)
|
Bottom of the 4th over - 0 run(s), 1 hit(s), 0 error(s), 1 left on base; Memphis 4 - Key West 6 |
TOP OF THE 5TH |
Memphis Blues batting - Pitching for Key West Barracudas : RHP José García
|
Batting: RHB Bob Orr
|
0-0: Ball 1-0: Ground out 5-3 (Groundball, 56)
|
Batting: RHB Sadao Kato
|
0-0: Foul Ball, location: 2F 0-1: Foul Ball, location: 2F 0-2: Foul Ball, location: 2F 0-2: Ball 1-2: Strikes out swinging
|
Batting: RHB Glenn Johnson
|
0-0: Ball 1-0: Foul Ball, location: 2F 1-1: Called Strike 1-2: Foul Ball, location: 2F 1-2: Ground out 4-3 (Groundball, 4)
|
Top of the 5th over - 0 run(s), 0 hit(s), 0 error(s), 0 left on base; Memphis 4 - Key West 6 |
BOTTOM OF THE 5TH |
Key West Barracudas batting - Pitching for Memphis Blues : RHP Lee Donahue
|
Batting: RHB Luther Stoffels
|
0-0: Ball 1-0: SINGLE (Line Drive, 7S)
|
Batting: RHB Kenny Cole
|
0-0: Ball 1-0: Called Strike 1-1: Ball 2-1: Ball 3-1: DOUBLE (Groundball, 5L) Luther Stoffels to third
|
Batting: LHB Daniel Byrd
|
0-0: Foul Ball, location: 2F 0-1: Swinging Strike 0-2: Foul Ball, location: 2F 0-2: Ground out 6-3 (Groundball, 6) Luther Stoffels scores
|
Batting: RHB Victor Baker
|
0-0: Ball 1-0: Ball 2-0: Swinging Strike 2-1: Foul Ball, location: 2F 2-2: Strikes out swinging
|
Batting: RHB Dan Craft
|
0-0: Ball 1-0: Called Strike 1-1: Ball 2-1: Ball 3-1: Foul Ball, location: 2F 3-2: Base on Balls
|
Batting: SHB Rodney Birling
|
0-0: Called Strike 0-1: Ball 1-1: Foul Ball, location: 2F 1-2: SINGLE (Groundball, 6D) Kenny Cole to third Dan Craft to second Runner from 3rd tries for Home, SAFE, no throw or cutoff
|
Pitching: RHP Rafael Ressureio
|
|
Batting: RHB Zander Tremblett
|
0-0: Ball 1-0: Ball 2-0: Ball 3-0: Called Strike 3-1: Foul Ball, location: 2F 3-2: Base on Balls Dan Craft to third Rodney Birling to second
|
Batting: RHB Carlos Miranda
|
0-0: Foul Ball, location: 2F 0-1: Ball 1-1: Swinging Strike 1-2: Ground out 4-3 (Groundball, 4)
|
Bottom of the 5th over - 2 run(s), 3 hit(s), 0 error(s), 3 left on base; Memphis 4 - Key West 8 |
TOP OF THE 6TH |
Memphis Blues batting - Pitching for Key West Barracudas : RHP José García
|
Batting: LHB Ken Nelson
|
0-0: Foul Ball, location: 2F 0-1: Foul Ball, location: 2F 0-2: Ball 1-2: Ball 2-2: Foul Ball, location: 2F 2-2: Foul Ball, location: 2F 2-2: Ball 3-2: Foul Ball, location: 2F 3-2: Foul Ball, location: 2F 3-2: Strikes out looking
|
Pitching: LHP Alfredo González
|
|
Batting: RHB Raúl Perales
|
0-0: Ball 1-0: Ball 2-0: Foul Ball, location: 2F 2-1: Called Strike 2-2: Strikes out swinging
|
Batting: RHB Dale O'Feennaghty
|
0-0: Called Strike 0-1: Ball 1-1: Swinging Strike 1-2: Strikes out swinging
|
Top of the 6th over - 0 run(s), 0 hit(s), 0 error(s), 0 left on base; Memphis 4 - Key West 8 |
BOTTOM OF THE 6TH |
Key West Barracudas batting - Pitching for Memphis Blues : RHP Rafael Ressureio
|
Batting: RHB Ramiro Gámez
|
0-0: SINGLE (Groundball, 6M)
|
Batting: RHB Luther Stoffels
|
0-0: Fly out, F8 (Flyball, 8RS)
|
Batting: RHB Kenny Cole
|
0-0: Called Strike 0-1: Swinging Strike 0-2: Foul Ball, location: 2F 0-2: Fly out, F6 (Popup, 4M)
|
Batting: LHB Daniel Byrd
|
0-0: Called Strike 0-1: Ball 1-1: Swinging Strike 1-2: Foul Ball, location: 2F 1-2: Strikes out looking
|
Bottom of the 6th over - 0 run(s), 1 hit(s), 0 error(s), 1 left on base; Memphis 4 - Key West 8 |
TOP OF THE 7TH |
Memphis Blues batting - Pitching for Key West Barracudas : LHP Alfredo González
|
Batting: RHB Jorge Domínguez
|
0-0: Foul Ball, location: 2F 0-1: Ball 1-1: Ground out 4-3 (Groundball, 4M)
|
Batting: RHB Dave O'Neill
|
0-0: Ball 1-0: Ball 2-0: Called Strike 2-1: Foul Ball, location: 2F 2-2: Ground out 6-3 (Groundball, 6)
|
Batting: RHB Dale Taylor
|
0-0: Called Strike 0-1: Swinging Strike 0-2: Foul Ball, location: 2F 0-2: Ball 1-2: Strikes out swinging
|
Top of the 7th over - 0 run(s), 0 hit(s), 0 error(s), 0 left on base; Memphis 4 - Key West 8 |
BOTTOM OF THE 7TH |
Key West Barracudas batting - Pitching for Memphis Blues : RHP Rafael Ressureio
|
Batting: RHB Victor Baker
|
0-0: Foul Ball, location: 2F 0-1: SINGLE (Line Drive, 4MD)
|
Batting: RHB Dan Craft
|
0-0: Called Strike 0-1: Bunted foul 0-2: Fly out, F2 (Popup, 2LF)
|
Batting: SHB Rodney Birling
|
0-0: Called Strike 0-1: Ball 1-1: Ball 2-1: DOUBLE (Flyball, 8LM) Victor Baker to third Runner from 3rd tries for Home, SAFE, no throw or cutoff
|
Batting: RHB Zander Tremblett
|
0-0: Called Strike 0-1: Foul Ball, location: 2F 0-2: Ground out 4-3 (Groundball, 4) Rodney Birling to third
|
Batting: RHB Carlos Miranda
|
0-0: SINGLE (Line Drive, 4D) Rodney Birling scores
|
Batting: RHB Ramiro Gámez
|
0-0: Ball 1-0: Ball 2-0: Ball 3-0: Called Strike 3-1: Called Strike 3-2: Fly out, F7 (Flyball, 7M)
|
Bottom of the 7th over - 2 run(s), 3 hit(s), 0 error(s), 1 left on base; Memphis 4 - Key West 10 |
TOP OF THE 8TH |
Memphis Blues batting - Pitching for Key West Barracudas : LHP Alfredo González
|
Batting: RHB Bob Orr
|
0-0: Ball 1-0: Called Strike 1-1: Foul Ball, location: 2F 1-2: Strikes out swinging
|
Pitching: RHP Chris Jones
|
|
Batting: RHB Sadao Kato
|
0-0: Fly out, F4 (Line Drive, 4)
|
Batting: RHB Glenn Johnson
|
0-0: Ball 1-0: Called Strike 1-1: Foul Ball, location: 2F 1-2: Ball 2-2: Ball 3-2: Foul Ball, location: 2F 3-2: Fly out, F9 (Flyball, 9LS)
|
Top of the 8th over - 0 run(s), 0 hit(s), 0 error(s), 0 left on base; Memphis 4 - Key West 10 |
BOTTOM OF THE 8TH |
Key West Barracudas batting - Pitching for Memphis Blues : RHP Rafael Ressureio
|
Pitching: RHP Miguel García
|
|
Batting: RHB Luther Stoffels
|
0-0: Ball 1-0: Called Strike 1-1: Ground out 5-3 (Groundball, 56)
|
Batting: RHB Kenny Cole
|
0-0: Ball 1-0: Foul Ball, location: 2F 1-1: Foul Ball, location: 2F 1-2: Strikes out swinging
|
Batting: LHB Daniel Byrd
|
0-0: Ball 1-0: Ball 2-0: Ball 3-0: Base on Balls
|
Batting: RHB Victor Baker
|
0-0: Ball 1-0: Foul Ball, location: 2F 1-1: Ball 2-1: Foul Ball, location: 2F 2-2: Ball 3-2: Foul Ball, location: 2F 3-2: Base on Balls Daniel Byrd to second
|
Batting: RHB Dan Craft
|
0-0: Ball 1-0: Foul Ball, location: 2F 1-1: Called Strike 1-2: Strikes out looking
|
Bottom of the 8th over - 0 run(s), 0 hit(s), 0 error(s), 2 left on base; Memphis 4 - Key West 10 |
TOP OF THE 9TH |
Memphis Blues batting - Pitching for Key West Barracudas : RHP Chris Jones
|
Batting: LHB Ken Nelson
|
0-0: DOUBLE (Flyball, 9LM)
|
Batting: RHB Raúl Perales
|
0-0: Ball 1-0: Ground out 6-3 (Groundball, 6)
|
Batting: RHB Dale O'Feennaghty
|
0-0: Swinging Strike 0-1: Swinging Strike 0-2: Ball Wild Pitch! Ken Nelson to third 1-2: Strikes out swinging
|
Batting: RHB Jorge Domínguez
|
0-0: Ball 1-0: Swinging Strike 1-1: Ball Wild Pitch! Ken Nelson scores 2-1: Foul Ball, location: 2F 2-2: Strikes out swinging
|
Top of the 9th over - 1 run(s), 1 hit(s), 0 error(s), 0 left on base; Memphis 5 - Key West 10 |
|